 Dungeon Crawl Stone Soup version 0.30.1-4-g462c640d31 (webtiles) character file.

Game seed: 15785742537303717251

7375 Peloso the Carver (level 10, 0/91 HPs)
             Began as a Minotaur Fighter on Aug 13, 2023.
             Was a High Priest of Okawaru.
             Killed from afar by an electric eel (4 damage)
             ... with a bolt of electricity
             ... on level 10 of the Dungeon.
             The game lasted 00:22:41 (8318 turns).

Peloso the Carver (Minotaur Fighter)                Turns: 8318, Time: 00:22:41

Health: 0/91       AC: 17    Str: 24    XL:     10   Next: 91%
Magic:  9/9        EV: 10    Int:  5    God:    Okawaru [*****.]
Gold:   504        SH:  5    Dex: 11    Spells: 9/9 levels left

rFire   . . .        a - +5 long sword
rCold   . . .        d - +0 buckler
rNeg    . . .        c - +0 chain mail
rPois   .            A - +2 hat
rElec   .            (no cloak)
rCorr   .            w - +2 pair of gloves
SInv    .            (no boots)
Will    .....        k - amulet of faith Stlth
                     (no ring)
HPRegen 0.35/turn    (no ring)
MPRegen 0.11/turn

%: faith
@: no status effects
A: horns 2, retaliatory headbutt
a: Renounce Religion, Heroism, Finesse, Duel


You were on level 10 of the Dungeon.
You worshipped Okawaru.
Okawaru was extremely pleased with you.
You visited 2 branches of the dungeon, and saw 11 of its levels.

You collected 581 gold pieces.
You spent 77 gold pieces at shops.

Inventory:

Hand Weapons
 a - a +5 long sword (weapon)
 b - the +6 trident of Charity {freeze, Str+3}
   (You found it on level 3 of the Dungeon)

   Str:       It affects your strength (+3).
Armour
 c - a +0 chain mail (worn)
 d - a +0 buckler (worn)
 w - a +2 pair of gloves (worn)
 A - a +2 hat (worn)
Jewellery
 g - an amulet of magic regeneration
 k - an amulet of faith (around neck)
 I - a ring of wizardry
Wands
 j - a wand of light (4)
 r - a wand of digging (14)
 s - a wand of iceblast (9)
 y - a wand of flame (35)
Scrolls
 e - 3 scrolls of noise {unknown}
 f - a scroll of poison
 h - 2 scrolls of identify
 i - a scroll of acquirement
 l - 2 scrolls of butterflies
 m - 2 scrolls of fog {unknown}
 n - 2 scrolls of enchant armour
 o - 2 scrolls of magic mapping
 p - 3 scrolls of teleportation
 v - a scroll of fear
 x - 4 scrolls of vulnerability {unknown}
 z - a scroll of immolation
 D - a scroll of silence {unknown}
 E - a scroll of brand weapon {unknown}
 F - a scroll of amnesia
Potions
 q - a potion of might
 t - 2 potions of brilliance
 u - 4 potions of lignification
 B - a potion of magic
 C - a potion of curing
 H - a potion of flight {unknown}


   Skills:
 + Level 9.3 Fighting
 + Level 11.4 Long Blades
 + Level 7.1 Polearms
 + Level 9.8 Armour
 + Level 4.0 Dodging
 + Level 1.1 Stealth
 + Level 7.6 Shields
 + Level 0.7 Invocations


You had 9 spell levels left.
You didn't know any spells.
Your spell library contained the following spells:

 Spells                   Type           Power      Damage    Failure   Level
 Ensorcelled Hibernation  Hex/Ice        0%         N/A       99%         2
 Passwall                 Tmut/Erth      0%         N/A       99%         2
 Static Discharge         Conj/Air       0%         2-2/arc   99%         2
 Swiftness                Air            0%         N/A       100%        3
 Airstrike                Air            0%         2d(0-16)  100%        4
 Alistair's Intoxication  Tmut/Pois      0%         N/A       100%        5
 Borgnjor's Vile Clutch   Necr/Erth      0%         N/A       100%        5
 Eringya's Noxious Bog    Tmut/Pois      0%         N/A       100%        6
 Summon Lightning Spire   Summ/Air       Unusable   N/A       N/A         4

Dungeon Overview and Level Annotations

Branches:
Dungeon (10/15)            Temple (1/1) D:6
   Lair: D:8-11         Orc: D:9-12

Altars:
Ashenzari
Elyvilon
Fedhas
Gozag
Nemelex Xobeh
Okawaru
Ru
Trog
Uskayaw
Zin

Shops:
D:7 *

Annotations:
D:4 2 transporters, Zlot's ghost, novice DsGl


Innate Abilities, Weirdness & Mutations

You have a pair of horns on your head.
You reflexively headbutt those who attack you in melee.


Message History

* * * LOW HITPOINT WARNING * * *
The two-headed ogre barely misses you.
Unknown command.
You catch the helpless two-headed ogre completely off-guard!
You slash the two-headed ogre!
The two-headed ogre is severely wounded.
Unknown command.
You slash the two-headed ogre!
The two-headed ogre is almost dead.
The two-headed ogre is no longer blind.
You block the two-headed ogre's attack.
The two-headed ogre hits you with a +0 great mace.
* * * LOW HITPOINT WARNING * * *
Unknown command.
You barely miss the two-headed ogre.
The two-headed ogre is almost dead.
A vampire comes into view.
Unknown command.
You slash the two-headed ogre!
You kill the two-headed ogre!
Okawaru is honoured by your kill.
Unknown command.
As you read the scroll of teleportation, it crumbles to dust.
You feel strangely unstable.
Things that are here:
a +0 giant club; a +0 great mace Your surroundings suddenly seem different.
A kobold brigand and an electric eel come into view.
The kobold brigand is wielding a +0 whip and quivering poisoned darts.
The kobold brigand throws a poisoned dart.
The poisoned dart barely misses you.
An electric eel comes into view.
The electric eel shoots out a bolt of lightning at you!
The bolt of electricity hits you!
* * * LOW HITPOINT WARNING * * *
The kobold brigand throws a poisoned dart.
The poisoned dart barely misses you.
A kobold comes into view. It is wielding a +0 short sword.
The electric eel shoots out a bolt of lightning at you!
The bolt of electricity hits you.
You die... ≈≈ ~~~♣♣#.## PP~

~~P......
P~♣♣♣♣♣S.......
♣S♣~~.........
♣..##.........
#.....K....K.
###........... #
##.........# .
#@........#
#.#.........#
#.#.....!...#
#...........###.
#.............
##............###
#[...#..........##.
#[.†V#......#..<...
##..#.#.....#.......


You could see a vampire, a kobold brigand, 2 electric eels and a kobold.

Vanquished Creatures
  A two-headed ogre (D:10)
  Joseph (D:7)
  A gargoyle (D:7)
  3 trolls (D:7)
  3 hornets
  A slime creature (D:7)
  3 shadows
  A basilisk (D:9)
  2 wraiths
  A wyvern (D:10)
  2 acid dragons
  3 water moccasins
  An orc warrior (D:7)
  3 black bears
  An ogre (D:6)
  2 centaurs
  A phantom (D:7)
  2 kobold brigands
  A bullfrog (D:9)
  A gnoll sergeant (D:9)
  A scorpion (D:5)
  12 wights
  2 jellies
  10 killer bees
  5 howler monkeys
  An orc priest (D:5)
  A gnoll bouda (D:4)
  5 hounds
  5 iguanas
  6 orc wizards
  5 sleepcaps
  6 gnolls
  9 adders
  2 white imps
  An ufetubus (D:6)
  5 worms
  7 dart slugs
  26 orcs
  10 ball pythons
  6 endoplasms
  4 giant cockroaches
  6 goblins
  8 hobgoblins
  2 jackals (D:5)
  14 kobolds
  A quokka (D:1)
  7 bats
  4 frilled lizards
  5 rats
210 creatures vanquished.

Notes
Turn   | Place    | Note
-------+----------+-------------------------------------------
     0 | D:1      | Peloso the Minotaur Fighter began the quest for the Orb.
     0 | D:1      | Reached XP level 1. HP: 19/19 MP: 0/0
    72 | D:1      | Reached XP level 2. HP: 26/27 MP: 1/1
   575 | D:1      | Reached XP level 3. HP: 31/33 MP: 2/2
   928 | D:1      | Found a faded altar of an unknown god.
  1112 | D:2      | Reached skill level 3 in Long Blades
  1337 | D:2      | Reached XP level 4. HP: 31/40 MP: 3/3
  1403 | D:2      | Identified the +1 leather armour "Othril" {rC+ rCorr}
  1614 | D:2      | Reached skill level 4 in Long Blades
  2006 | D:3      | Reached XP level 5. HP: 42/47 MP: 4/4
  2023 | D:3      | Reached skill level 5 in Fighting
  2230 | D:3      | Found a hide-covered altar of Uskayaw.
  2312 | D:3      | Reached skill level 1 in Dodging
  2574 | D:3      | Identified the +6 trident of Charity {freeze, Str+3}
  2744 | D:4      | Noticed Zlot's ghost (novice DsGl)
  2744 | D:4      | Found a transporter.
  2745 | D:4      | Noticed a water moccasin
  2746 | D:4      | Noticed a phantom
  2782 | D:4      | Reached skill level 5 in Long Blades
  2782 | D:4      | Reached XP level 6. HP: 56/56 MP: 5/5
  2965 | D:4      | Found a glowing silver altar of Zin.
  2979 | D:4      | Reached skill level 5 in Armour
  2981 | D:4      | Found a broken altar of Ashenzari.
  3142 | D:4      | Found a transporter.
  3272 | D:4      | Reached skill level 1 in Polearms
  3553 | D:5      | Entered Level 5 of the Dungeon
  3673 | D:5      | Found a bloodstained altar of Trog.
  3673 | D:5      | Found a sacrificial altar of Ru.
  3682 | D:5      | Found a sparkling altar of Nemelex Xobeh.
  3718 | D:5      | Noticed a hornet
  3723 | D:5      | Killed a hornet
  3724 | D:5      | Reached XP level 7. HP: 62/62 MP: 6/6
  3811 | D:5      | Identified the +2 robe "Fymemn" {Will+}
  4477 | D:6      | Reached skill level 5 in Polearms
  4481 | D:6      | Reached XP level 8. HP: 45/70 MP: 7/7
  4873 | D:6      | Found a staircase to the Ecumenical Temple.
  4895 | Temple   | Entered the Ecumenical Temple
  4926 | Temple   | Became a worshipper of Warmaster Okawaru
  4989 | D:6      | Reached skill level 5 in Shields
  5173 | D:6      | Found a white marble altar of Elyvilon.
  5369 | D:6      | Identified a scroll of acquirement
  5452 | D:7      | Reached skill level 6 in Long Blades
  5626 | D:7      | Noticed a hornet
  5636 | D:7      | Killed a hornet
  5636 | D:7      | Reached * piety under Okawaru
  5721 | D:7      | Noticed a slime creature
  5721 | D:7      | Noticed a troll
  5726 | D:7      | Killed a troll
  5727 | D:7      | Reached skill level 7 in Long Blades
  5727 | D:7      | Reached XP level 9. HP: 58/79 MP: 8/8
  5832 | D:7      | Noticed Joseph
  5835 | D:7      | Reached ** piety under Okawaru
  5846 | D:7      | Killed Joseph
  5847 | D:7      | Reached skill level 8 in Long Blades
  5999 | D:7      | Noticed a gargoyle
  5999 | D:7      | Noticed a troll
  6014 | D:7      | HP: 3/80 [gargoyle/+0 morningstar (4)]
  6037 | D:7      | Killed a troll
  6042 | D:7      | Killed a gargoyle
  6043 | D:7      | Reached skill level 9 in Long Blades
  6302 | D:7      | Noticed a troll
  6311 | D:7      | Killed a troll
  6408 | D:7      | Reached XP level 10. HP: 88/88 MP: 9/9
  6555 | D:7      | Found Ehuukkui's General Store.
  6558 | D:7      | Bought a scroll of identify for 22 gold pieces
  6558 | D:7      | Bought a scroll of identify for 22 gold pieces
  6558 | D:7      | Bought a potion of curing for 33 gold pieces
  6676 | D:7      | Reached *** piety under Okawaru
  7012 | D:8      | Reached skill level 10 in Long Blades
  7056 | D:8      | Received a gift from Okawaru
  7174 | D:8      | Reached **** piety under Okawaru
  7913 | D:9      | Reached skill level 11 in Long Blades
  7913 | D:9      | Reached skill level 1 in Stealth
  8028 | D:9      | Noticed an eight-headed hydra
  8029 | D:9      | Noticed a deep elf pyromancer
  8208 | D:10     | Entered Level 10 of the Dungeon
  8222 | D:10     | Found a blossoming altar of Fedhas.
  8267 | D:10     | Reached ***** piety under Okawaru
  8302 | D:10     | Noticed a two-headed ogre
  8310 | D:10     | Killed a two-headed ogre
  8316 | D:10     | HP: 3/91 [electric eel/bolt of electricity (13)]
  8318 | D:10     | Killed from afar by an electric eel

Illustrated notes

Levels and vault maps discovered:
D:1:      amcnicky_arrival_double_pillar, layout_basic,
          hellmonk_ecumenical_altar_leap_of_faith, minmay_pentomino_r4
D:2:      layout_basic, minmay_statues_item, grunt_ministairs_4
D:3:      layout_basic, mainiacjoe_overflow_24_doors
D:4:      layout_basic, mainiacjoe_overflow_catwalk_spiral,
          gammafunk_ghost_arena, serial_bayou_ford_a, hangedman_decor_growths,
          kennysheep_cross_bottleneck
D:5:      layout_gridville, lemuel_crystal_altar,
          nicolae_overflow_two_pavilions, minmay_gold_behind_fungi
D:6:      layout_basic, mainiacjoe_overflow_alcove_2,
          minmay_temple_entry_gardened_gates, glass_columns_c,
          hangedman_abyss_or_decor_lesser_grid, hangedman_decor_opposing,
          grunt_decor_one_mirror, minivault_27, hangedman_decor_points,
          nicolae_concentric_dashed_squares_mild
D:7:      layout_basic, serial_shops, nicolae_shop_real_fake_doors,
          minmay_shattered_shrine, uniq_joseph
D:8:      layout_loops_cross
D:9:      minmay_the_grid_square_5x5_4x4 [minmay_the_grid_square_5x5_three,
          minmay_the_grid_square_5x5_bracketed,
          minmay_the_grid_square_5x5_moneybag,
          minmay_the_grid_square_5x5_shuriken,
          minmay_the_grid_square_5x5_two_small,
          minmay_the_grid_square_5x5_prize_pseudospiral,
          minmay_the_grid_square_5x5_prize_gold,
          minmay_the_grid_square_5x5_six_small,
          minmay_the_grid_square_5x5_beaten_path,
          minmay_the_grid_square_5x5_prize_junk,
          minmay_the_grid_square_5x5_prize_itemx, minmay_the_grid_square_5x5_v,
          minmay_the_grid_square_5x5_six, minmay_the_grid_square_5x5_detours,
          minmay_the_grid_square_5x5_checkered,
          minmay_the_grid_square_5x5_tri_point], layout_loops_ring,
          centaur_isle, uniq_erolcha, uniq_amaemon
D:10:     layout_rooms, fedhas_altar_3, nicolae_overflow_hidden_temple,
          nicolae_wu_jian_immortal_techniques, lair_entry_dummy, orc_0_dummy,
          serial_bayou, serial_bayou_shore_b, serial_bayou_lake_a,
          serial_bayou_lagoon_a, serial_bayou_pond_a, serial_bayou_pond_a,
          serial_bayou_pond_c
Temple:   minmay_temple_forest_path

Skill      XL: |  1  2  3  4  5  6  7  8  9 10 |
---------------+-------------------------------+-----
Fighting       | 4 5 6 7 8 9 |  9.3
Shields        | 4 5 6 7 |  7.6
Armour         | 4 5 7 8 9 |  9.8
Long Blades    | 3 4 5 7 9 11 | 11.4
Dodging        | 1 2 3 4 |  4.0
Polearms       | 3 5 7 |  7.1
Stealth        | 1 |  1.1
Invocations    | |  0.7

Action                     |  1- 3 |  4- 6 |  7- 9 | 10-12 || total
---------------------------+-------+-------+-------+-------++-------
  Melee: Long sword        |    67 |   103 |   129 |   208 ||   507
         Headbutt          |     9 |    22 |    40 |    35 ||   106
         Trident           |       |    56 |    46 |       ||   102
 Invoke: Heroism           |       |       |     4 |       ||     4
  Evoke: Wand              |       |       |       |     2 ||     2
    Use: Potion            |       |     3 |     8 |     1 ||    12
         Scroll            |       |     1 |     6 |     7 ||    14
   Stab: Invisible         |       |       |       |     1 ||     1
 Armour: Scale mail        |    26 |    54 |       |       ||    80
         Chain mail        |       |    19 |   106 |   119 ||   244
  Dodge: Dodged            |    47 |    69 |    86 |    74 ||   276
  Block: Buckler           |    12 |    27 |    70 |    44 ||   153
